 Dungeon Crawl Stone Soup version 0.28.0 (webtiles) character file.

Game seed: 1736196120962253843

11 Karpo the Sneak (level 2, 0/13 HPs)
             Began as a Spriggan Enchanter on Feb 16, 2022.
             Slain by a goblin (4 damage)
             ... led by Robin
             ... on level 2 of the Dungeon.
             The game lasted 00:01:42 (583 turns).

Karpo the Sneak (Spriggan Enchanter)                 Turns: 583, Time: 00:01:43

Health: 0/13       AC:  2    Str:  4    XL:     2   Next: 13%
Magic:  6/6        EV: 17    Int: 16    God:
Gold:   21         SH:  0    Dex: 15    Spells: 4/6 levels left

rFire   . . .      SeeInvis +   a - +1 dagger
rCold   . . .      Faith    .   (no shield)
rNeg    . . .      Spirit   .   b - +0 robe
rPois   .          Reflect  .   (helmet restricted)
rElec   .          Harm     .   (no cloak)
rCorr   .          Rampage  .   (gloves unavailable)
Will    .....                   (boots unavailable)
Stlth   +++.......              (no amulet)
HPRegen 0.04/turn               (no ring)
MPRegen 0.10/turn               (no ring)

@: very quick
A: very small, no large weapons, unfitting armour, see invisible, speed 3
a: no special abilities


You were on level 2 of the Dungeon.
You visited 1 branch of the dungeon, and saw 2 of its levels.

You collected 21 gold pieces.

Inventory:

Hand Weapons
 a - a +1 dagger (weapon)
Armour
 b - a +0 robe (worn)
Scrolls
 e - a scroll of teleportation {unknown}
 f - a scroll of enchant weapon {unknown}
 g - a scroll of silence {unknown}
 h - a scroll of fear {unknown}
 j - a scroll of blinking {unknown}
Potions
 c - a potion of invisibility
 d - 2 potions of magic {unknown}
 i - a potion of cancellation {unknown}


   Skills:
 + Level 1.2 Short Blades
 - Level 2.6 Dodging
 + Level 5.4 Stealth
 - Level 2.6 Spellcasting
 - Level 3.6 Hexes


You had 4 spell levels left.
You knew the following spells:

 Your Spells              Type           Power      Damage    Failure   Level
z - Ensorcelled Hibernat  Hex/Ice        14%        N/A       14%         2

Your spell library contained the following spells:

 Spells                   Type           Power      Damage    Failure   Level
 Confusing Touch          Hex            13%        N/A       13%         3
 Tukima's Dance           Hex            13%        N/A       13%         3
 Dazzling Flash           Conj/Hex       14%        N/A       28%         3


Dungeon Overview and Level Annotations

Branches:
Dungeon (2/15)

Altars:

Shops:
D:1 (

Annotations:
D:2 Robin


Innate Abilities, Weirdness & Mutations

You are very small and have problems with some larger weapons.
You are too small for most types of armour.
You have supernaturally acute eyesight. (SInv)
You cover ground extremely quickly. (Speed+++)


Message History

No target in view!
A quokka comes into view.
A goblin comes into view.
It is wielding a +0 club. 2 goblins come into view.
The goblin moves out of view.
The goblin shouts! x2; You hear a shout!
A goblin comes into view.
It is wielding a +0 dagger. 2 goblins come into view.
The goblin shouts! x2
You hit the goblin.
The goblin is moderately wounded.
The goblin closely misses you.
You hit the goblin.
You kill the goblin!
Robin of the Strong Arm comes into view.
They are wielding a +2 whip of pain.
Robin shouts!
You hit the quokka.
The quokka is severely wounded.
The quokka closely misses you.
You closely miss the quokka.
The quokka is severely wounded.
The goblin closely misses you. The goblin hits you with a +0 dagger.
Robin throws the goblin at you!
The quokka bites you but does no damage.
The goblin hits you with a +0 dagger.
You miss the quokka.
The quokka is severely wounded.
A hobgoblin comes into view. It is wielding a +0 dagger.
The goblin closely misses you. x2; The quokka completely misses you.
Robin roars a battlecry!
The goblins go into a battle-frenzy!
A goblin comes into view. It is wielding a +0 club.
The goblin hits you with a +0 dagger.
You are too injured to fight recklessly!
You are too injured to fight recklessly!
You are too injured to fight recklessly!
You are too injured to fight recklessly!
You are too injured to fight recklessly!
The goblin completely misses you. The goblin hits you with a +0 dagger.
You die...

#.# #.#........#####
#.#######.#...g.g..#
#......♣.......g...# #########
#.###..♣PP.....g...# #.......#
#.##...♣♣..####gg### #.......##
#.#P.P.♣...P###g.######.........
#....P.♣♣.♣.P##gg##...#.......##
#..P♣♣♣♣♣♣♣..##gr#♣.♣....######
##.....♣...P.##@g##.#..###
##....♣♣...###..#♣.♣.##
##.P.♣P...# #...#..##
##..♣..#.###...♣.♣#########.
##...##..##.(..†...........
#######......♣.♣.........P
####...#.########.PP ##.#♣.♣ ♣
#..#.#


You could see Robin, a quokka, a hobgoblin (wandering, strong) and 9 goblins.

Vanquished Creatures
  A dart slug (D:1)
  2 goblins (D:2)
  A hobgoblin (D:2)
  A quokka (D:2)
  3 bats
8 creatures vanquished.

Vanquished Creatures (others)
  A plant (D:2)
1 creature vanquished.

Grand Total: 9 creatures vanquished

Notes
Turn   | Place    | Note
-------+----------+-------------------------------------------
     0 | D:1      | Karpo the Spriggan Enchanter began the quest for the Orb.
     0 | D:1      | Reached XP level 1. HP: 9/9 MP: 5/5
     6 | D:1      | Noticed a wolf
     6 | D:1      | Noticed a komodo dragon
     6 | D:1      | Noticed a polar bear
     7 | D:1      | Noticed a water moccasin
   196 | D:1      | Found Woxont's Weapon Shoppe.
   238 | D:1      | Reached skill level 5 in Stealth
   452 | D:2      | Reached XP level 2. HP: 9/13 MP: 6/6
   455 | D:2      | Learned a level 2 spell: Ensorcelled Hibernation
   579 | D:2      | Noticed Robin
   583 | D:2      | Slain by a goblin

Illustrated notes

Levels and vault maps discovered:
D:1:      onia_arrival_zoo_common, layout_rooms, serial_shops,
          nicolae_shop_behind_doors, nicolae_shop_hallway_plus,
          nicolae_shop_advertising_works [nicolae_subvault_shop_adworks],
          nicolae_ecumenical_lake_church, corexii_hall_statues_i,
          roderic_lattice_a
D:2:      layout_rooms, serial_forest, infiniplex_forest_lined_corner,
          infiniplex_forest_straight_2, infiniplex_forest_clump_cross,
          infiniplex_forest_diagonal, infiniplex_forest_lined_3,
          infiniplex_forest_clump_large, infiniplex_forest_corner_1,
          serial_shops, shop, kennysheep_generic_room_12, uniq_terence,
          uniq_robin

Skill      XL: |  1 |
---------------+----+-----
Stealth        | 5 |  5.4
Short Blades   | |  1.2
Dodging        | |  2.6
Spellcasting   | |  2.6
Hexes          | |  3.6

Action                   || total
-------------------------++-------
Melee: Dagger            ||    41
       Punch             ||     1
 Stab: Sleeping          ||     1
Armor: Robe              ||     7
Dodge: Dodged            ||    54
